 Dungeon Crawl Stone Soup version 0.29.1-14-g9c671dbff4 (webtiles) character file.

Game seed: 4733029714540413724

4082 KittyFluff the Basher (level 10, -5/91 HPs)
             Began as a Gargoyle Berserker on Feb 15, 2023.
             Was an Elder of Trog.
             Slain by a two-headed ogre
             ... wielding a +0 giant club
              (22 damage)
             ... on level 7 of the Dungeon.
             The game lasted 00:46:35 (9894 turns).

KittyFluff the Basher (Gargoyle Berserker)          Turns: 9894, Time: 00:46:36

Health: -5/91      AC: 27    Str: 21    XL:     10   Next: 25%
Magic:  10/10      EV: 13    Int:  8    God:    Trog [****..]
Gold:   469        SH:  5    Dex: 13    Spells: 9/9 levels left

rFire   . . .      SeeInvis .   D - +0 flail (protect)
rCold   . . .      Faith    .   n - +0 buckler
rNeg    + . .      Spirit   .   S - +0 steam dragon scales
rPois   ∞          Reflect  .   w - +2 helmet
rElec   +          Harm     .   H - +2 cloak
rCorr   .          Rampage  .   (no gloves)
Will    .....                   (no boots)
Stlth   ..........              (no amulet)
HPRegen 0.25/turn               (no ring)
MPRegen 0.12/turn               (no ring)

@: berserking, under a protective aura, very quick
A: sickness immunity, AC +7, negative energy resistance 1, electricity
resistance, torment resistance 1, petrification resistance
a: Renounce Religion, Berserk, Trog's Hand, Brothers in Arms


You were on level 7 of the Dungeon.
You worshipped Trog.
Trog was greatly pleased with you.
You visited 1 branch of the dungeon, and saw 8 of its levels.

You collected 469 gold pieces.

Inventory:

Hand Weapons
 a - a +0 mace
 B - a +7 sling of flaming
 D - a +0 flail of protection (weapon)
Missiles
 g - 29 poisoned darts
 k - 50 stones (quivered)
 y - 8 boomerangs
 R - 3 throwing nets
Armour
 h - a +0 leather armour of positive energy
 n - a +0 buckler (worn)
 w - a +2 helmet (worn)
 A - a +0 ring mail
 C - a +0 tower shield
 F - a +2 robe of fire resistance
 H - a +2 cloak (worn)
 I - the +1 leather armour of Discretion {rElec Stlth+}
   (You found it on level 4 of the Dungeon)

   rElec:     It insulates you from electricity.
   Stlth:     It makes you more stealthy.
 M - a +0 chain mail
 O - a +0 scale mail
 S - +0 steam dragon scales (worn)
Jewellery
 x - a ring of magical power
Wands
 e - a wand of charming (3)
 o - a wand of polymorph (13)
 v - a wand of digging (6)
 Q - a wand of iceblast (11)
Scrolls
 b - 2 scrolls of blinking {unknown}
 c - 3 scrolls of noise {unknown}
 f - 2 scrolls of poison
 i - 3 scrolls of vulnerability {unknown}
 j - a scroll of silence {unknown}
 l - 2 scrolls of teleportation {unknown}
 t - a scroll of acquirement
 J - 2 scrolls of enchant weapon {unknown}
 L - a scroll of immolation
 N - 2 scrolls of enchant armour
Potions
 d - 5 potions of berserk rage
 m - 6 potions of curing
 p - a potion of attraction
 q - 3 potions of mutation
 r - a potion of haste
 s - 2 potions of flight
 z - 4 potions of might
 E - 5 potions of heal wounds
 K - a potion of cancellation {unknown}
 P - 2 potions of lignification {unknown}
 T - 2 potions of magic {unknown}


   Skills:
 + Level 6.8 Fighting
 + Level 9.0 Maces & Flails
 + Level 0.1 Ranged Weapons
 + Level 1.1 Throwing
 * Level 7.0 Armour
 + Level 4.6 Dodging
 + Level 3.5 Stealth
 * Level 5.9 Shields


You had 9 spell levels left.
You didn't know any spells.
Your spell library was empty.

Dungeon Overview and Level Annotations

Branches:
Dungeon (8/15)             Temple (0/1) D:6
   Lair: D:8-11

Altars:
Gozag
Sif Muna
Xom
The Shining One


Innate Abilities, Weirdness & Mutations

You are immune to sickness and miasma.
Your stone body is resilient. (AC +7)
You are immune to poison.
You resist negative energy. (rN+)
You are resistant to electric shocks. (rElec)
You are resistant to unholy torment.
You are immune to petrification.


Message History

There is a stone staircase leading up here.
Your +0 flail of protection goes still.
Your +7 sling of flaming bursts into flame!
B - a +7 sling of flaming (weapon)
A two-headed ogre and a black bear come into view.
Found a stone staircase leading down.
The black bear growls angrily.
You block the two-headed ogre's attack. The two-headed ogre barely misses you.
You see here 11 gold pieces.
Your +7 sling of flaming stops flaming.
Your +0 flail of protection hums with potential!
D - a +0 flail of protection (weapon)
The two-headed ogre attacks as you move away!
The two-headed ogre barely misses you. The two-headed ogre misses you.
There is a stone staircase leading up here.
The two-headed ogre hits you with a +0 giant club!
The two-headed ogre hits you with a +0 giant spiked club!!
You climb upwards.
There is a stone staircase leading down here.
You hit the two-headed ogre.
Your weapon exudes an aura of protection.
The two-headed ogre is lightly wounded.
You hit the two-headed ogre.
The two-headed ogre is lightly wounded.
You block the two-headed ogre's attack. The two-headed ogre barely misses you.
You hit the two-headed ogre.
The two-headed ogre is lightly wounded.
You barely miss the two-headed ogre.
The two-headed ogre is lightly wounded.
The two-headed ogre hits you with a +0 giant club!
The two-headed ogre hits you with a +0 giant spiked club!
* * * LOW HITPOINT WARNING * * *
You feel better. The two-headed ogre misses you.
The two-headed ogre completely misses you.
A red film seems to cover your vision as you go berserk!
You feel yourself moving faster!
You feel mighty!
You sock the two-headed ogre!
The two-headed ogre is moderately wounded.
The two-headed ogre hits you with a +0 giant club!!
You die...

###.#.# #.#..... #...#.#
##############.#.#### #.#.#.#
#....................
#.#.#.#####.###########..#.####
###.#.......#.# #........
#...###.###.#.# #........
#.............# #.#######
#...###.###.###### #.#
#...#..........!@### #.#
#...#.#.###.####.O.######.# ###
#...#.#.....# #.#......#.# #..
#####.#.....# #.######.#)# #..
#.##....# #.# #.#.#####..
#.#.....# #.# #..........
#.#.##.#####.########.#.#.###
###.#.##............# #.#.#.#
#.................#.# #.#.#..


You could see a two-headed ogre.

Vanquished Creatures
  Joseph (D:7)
  Maggie (D:7)
  Eustachio (D:4)
  A steam dragon (D:6)
  Edmund (D:6)
  Duvessa (D:7)
  An orc warrior (D:5)
  4 ice beasts
  3 sky beasts (D:7)
  4 ogres
  A centaur (D:7)
  2 phantoms (D:5)
  A bullfrog (D:4)
  A gnoll sergeant (D:7)
  A scorpion (D:6)
  A necrophage (D:6)
  9 wights
  Dowan (D:7)
  A killer bee (D:2)
  An electric eel (D:6)
  A howler monkey (D:6)
  A jelly (D:3)
  5 orc priests
  5 hounds
  Crazy Yiuf (D:4)
  An iguana (D:6)
  2 orc wizards
  15 gnolls
  13 adders
  A shadow imp (D:5)
  2 white imps
  2 worms
  5 dart slugs
  23 orcs
  5 ball pythons
  9 bats
  6 endoplasms
  2 giant cockroaches
  4 goblins
  8 hobgoblins
  3 jackals (D:1)
  3 quokkas
  7 frilled lizards
  5 kobolds
  8 rats
174 creatures vanquished.

Vanquished Creatures (others)
  An orc wizard (D:4)
  An adder (D:6)
  2 plants (D:3)
4 creatures vanquished.

Grand Total: 178 creatures vanquished

Notes
Turn   | Place    | Note
-------+----------+-------------------------------------------
     0 | D:1      | KittyFluff the Gargoyle Berserker began the quest for the
                  | Orb.
     0 | D:1      | Reached XP level 1. HP: 14/14 MP: 1/1
   339 | D:1      | Reached XP level 2. HP: 14/19 MP: 2/2
   761 | D:1      | Reached XP level 3. HP: 21/24 MP: 3/3
   929 | D:1      | Reached ** piety under Trog
  1094 | D:2      | Reached XP level 4. HP: 23/29 MP: 4/4
  1107 | D:2      | Noticed Sigmund
  1115 | D:2      | Noticed Sigmund
  1121 | D:2      | Killed Sigmund the killer bee
  1419 | D:2      | Reached skill level 4 in Maces & Flails
  1424 | D:2      | Reached XP level 5. HP: 23/33 MP: 5/5
  1587 | D:2      | Reached skill level 1 in Shields
  1738 | D:2      | HP: 1/33 [gnoll/+0 club (5)]
  2151 | D:2      | Found a shimmering altar of Xom.
  2591 | D:3      | Reached *** piety under Trog
  2597 | D:3      | Found a glowing golden altar of the Shining One.
  2598 | D:3      | Found a shimmering blue altar of Sif Muna.
  2602 | D:3      | Found an opulent altar of Gozag.
  2805 | D:3      | Reached skill level 1 in Stealth
  2805 | D:3      | Reached XP level 6. HP: 35/39 MP: 6/6
  3130 | D:3      | Found a faded altar of an unknown god.
  3350 | D:4      | Noticed Eustachio
  3382 | D:4      | Killed Eustachio
  3753 | D:4      | Reached skill level 5 in Maces & Flails
  3753 | D:4      | Reached XP level 7. HP: 25/44 MP: 7/7
  4046 | D:4      | Reached skill level 5 in Fighting
  4325 | D:4      | Found a runed translucent door.
  4326 | D:4      | Noticed Crazy Yiuf
  4336 | D:4      | Killed Crazy Yiuf
  4837 | D:4      | Identified the +1 leather armour of Discretion {rElec
                  | Stlth+}
  4913 | D:5      | Entered Level 5 of the Dungeon
  5534 | D:5      | Reached XP level 8. HP: 18/49 MP: 8/8
  5558 | D:5      | Reached skill level 6 in Maces & Flails
  6294 | D:5      | Reached skill level 5 in Armour
  6963 | D:6      | Reached skill level 7 in Maces & Flails
  7078 | D:6      | Reached XP level 9. HP: 49/55 MP: 9/9
  7180 | D:6      | Found a staircase to the Ecumenical Temple.
  7498 | D:6      | Reached **** piety under Trog
  7609 | D:6      | Noticed Edmund
  7630 | D:6      | Killed Edmund
  7687 | D:6      | Reached skill level 8 in Maces & Flails
  7687 | D:6      | Reached skill level 5 in Shields
  8010 | D:6      | Identified a scroll of acquirement
  8092 | D:7      | Reached skill level 1 in Throwing
  8647 | D:7      | Noticed Duvessa
  8649 | D:7      | Noticed Dowan
  8673 | D:7      | Killed Dowan
  8720 | D:7      | Killed Duvessa
  8891 | D:7      | Reached XP level 10. HP: 55/61 MP: 10/10
  8942 | D:7      | Noticed Joseph
  8961 | D:7      | Killed Joseph
  9315 | D:7      | Noticed Maggie
  9390 | D:7      | Killed Maggie
  9391 | D:7      | Reached skill level 9 in Maces & Flails
  9879 | D:8      | Noticed a two-headed ogre
  9894 | D:7      | Slain by a two-headed ogre

Illustrated notes

Levels and vault maps discovered:
D:1:      dpeg_arrival_subterranean_lakeside_camping, layout_basic,
          nicolae_titane
D:2:      layout_loops_corners, basic_altar, minmay_statues_item,
          glass_columns_c, minmay_vboxes, uniq_sigmund
D:3:      layout_loops_cross, grunt_temple_overflow_open,
          shapermc_ecumenical_altar_acropolis, kennysheep_generic_room_9
D:4:      layout_basic, uniq_crazy_yiuf_cottage, uniq_eustachio
D:5:      layout_basic
D:6:      wad_river_or_something, layout_rooms, minmay_temple_entry_ruins,
          uniq_edmund
D:7:      layout_basic, uniq_duvessa, uniq_joseph, uniq_maggie
D:8:      minmay_imperfect_grid, layout_basic, serial_ice, serial_ice_f,
          serial_ice_b, serial_ice_g, serial_ice_a, chequers_ossuary_entry_cave,
          hangedman_glass_teeth, due_unseen_surprise

Skill      XL: |  1  2  3  4  5  6  7  8  9 10 |
---------------+-------------------------------+-----
Fighting       | 4 5 6 |  6.8
Armour         | 3 4 5 6 7 |  7.0
Maces & Flails | 4 5 7 8 9 |  9.0
Dodging        | 2 3 4 |  4.6
Shields        | 1 2 3 4 5 |  5.9
Stealth        | 1 2 3 |  3.5
Throwing       | 1 |  1.1
Ranged Weapons | |  0.1

Action                   |  1- 3 |  4- 6 |  7- 9 | 10-12 || total
-------------------------+-------+-------+-------+-------++-------
Melee: Mace              |   104 |   163 |       |       ||   267
       Flail             |       |    49 |   486 |    63 ||   598
 Fire: Sling             |       |       |       |    17 ||    17
Throw: Stone             |       |     6 |    20 |     6 ||    32
       Dart              |       |     1 |       |       ||     1
Invok: Berserk           |       |     1 |     3 |     1 ||     5
Evoke: Wand              |       |     1 |       |       ||     1
  Use: Scroll            |       |     7 |     6 |     2 ||    15
       Potion            |       |       |       |     3 ||     3
 Stab: Sleeping          |     1 |     2 |     2 |       ||     5
Armor: Animal skin       |    49 |    23 |       |       ||    72
       Leather armour    |       |    63 |   163 |       ||   226
       Robe              |       |       |    25 |       ||    25
       Steam dragon scal |       |       |    39 |    38 ||    77
Dodge: Dodged            |    79 |   123 |   210 |    49 ||   461
Block: Buckler           |     1 |    38 |    89 |    24 ||   152
